Map: Givre EC

Players

zidar

  • Race: Zerg Zerg
  • League: Platinum
  • Spawn Location: 11:00

Solidtune - Winner!

  • Race: Protoss Protoss
  • League: Gold
  • Spawn Location: 7:00

VOD

Have the link to the VOD?

Description

Time

  • Played on: Oct. 11, 2016, 2:49 p.m.
  • Length: 13:15
Show
View Real Time Build Order
Export as new Build Order

zidar Zerg 

Build Orders: Pool First 

Get SALT Encoding   

  12  0:01  Drone  
  13  0:12  Overlord  
  13  0:17  Drone  
  14  0:31  Drone x2  
  16  0:44  Spawning Pool  
  16  0:48  Drone  
  16  1:14  Hatchery  
  16  1:15  Drone  
  16  1:19  Extractor  
  16  1:21  Drone  
  16  1:38  Queen  
  18  1:40  Drone  
  19  1:48  Overlord  
  19  1:52  Drone  
  20  2:08  Drone  
  21  2:14  Queen  
  23  2:30  Metabolic Boost  
  23  2:39  Evolution Chamber  
  23  2:40  Drone  
  23  2:45  Zergling x8  
  27  2:58  Roach Warren  
  27  3:04  Pneumatized Carapace  
  26  3:21  Extractor  
  26  3:26  Drone x2  
  26  3:27  Drone x4  
  30  4:01  Drone x5  
  35  4:03  Lair  
  35  4:07  Drone  
  35  4:08  Overlord  
  35  4:09  Overlord  
  32  4:34  Roach x2  
  32  4:35  Roach x4  
  44  4:43  Drone x5  
  49  4:53  Queen  
  49  4:59  Zerg Ground Armor Level 1  
  51  5:11  Extractor  
  51  5:12  Extractor  
  49  5:14  Roach  
  49  5:17  Overlord x2  
  49  5:18  Overlord  
  51  5:43  Hatchery  
  50  5:52  Hatchery  
  50  5:54  Drone x5  
  50  6:20  Roach  
  50  6:21  Roach x7  
  66  6:32  Hydralisk Den  
  65  6:41  Drone  
  65  6:43  Drone x4  
  62  7:07  Overlord  
  62  7:08  Overlord  
  62  7:10  Hydralisk x4  
  62  7:11  Hydralisk  
  72  7:26  Hydralisk x4  
  80  7:35  Muscular Augments  
  80  7:42  Glial Reconstitution  
  80  7:47  Zerg Missile Weapons Level 1  
  80  7:50  Drone x4  
  84  7:55  Drone x2  
  84  7:57  Drone  
  87  8:14  Queen  
  89  8:21  Drone x2  
  89  8:22  Drone x5  
  89  8:25  Overlord x2  
  89  8:26  Overlord  
  96  8:41  Overlord x3  
  96  8:57  Drone x7  
  96  8:58  Drone x2  
  105  9:03  Hydralisk x4  
  105  9:05  Extractor x2  
  105  9:08  Roach x2  
  105  9:09  Roach  
  117  9:12  Drone x2  
  119  9:24  Infestation Pit  
  70  9:50  Overseer  
  66  9:53  Hydralisk x4  
  66  9:54  Hydralisk x10  
  94  10:10  Hydralisk  
  94  10:11  Hydralisk x5  
  106  10:24  Roach x8  
  106  10:27  Queen  
  124  10:37  Drone  
  124  10:42  Hive  
  125  10:43  Zerg Ground Armor Level 2  
  125  10:57  Hydralisk x3  
  125  10:59  Roach  
  133  11:06  Roach  
  133  11:07  Roach  
  133  11:09  Overlord x2  
  133  11:10  Hatchery  
  136  11:19  Lurker Den  
  136  11:25  Roach  
  138  11:40  Roach x8  
  154  11:55  Overlord x3  
  154  11:56  Overlord  
  114  12:24  Overseer x2  
  114  12:25  Overseer  
  114  12:29  Roach x2  
  138  12:30  Roach x12  
Show
View Real Time Build Order
Export as new Build Order

Solidtune Protoss - Winner!

Build Orders: Nexus First 

Get SALT Encoding   

  12  0:01  Probe (Chrono Boost)  
  13  0:12  Probe (Chrono Boost)  
  14  0:18  Pylon  
  14  0:22  Probe (Chrono Boost)  
  15  0:36  Probe (Chrono Boost)  
  16  0:46  Probe (Chrono Boost)  
  17  1:01  Nexus  
  17  1:04  Probe (Chrono Boost)  
  18  1:18  Probe (Chrono Boost)  
  19  1:20  Gateway  
  19  1:24  Pylon  
  19  1:28  Probe (Chrono Boost)  
  20  1:36  Assimilator  
  20  1:41  Probe (Chrono Boost), Assimilator  
  21  1:52  Probe (Chrono Boost), Gateway  
  22  1:58  Pylon  
  22  2:07  Probe (Chrono Boost)  
  23  2:14  Pylon  
  23  2:22  Cybernetics Core  
  23  2:28  Probe (Chrono Boost)  
  23  2:29  Probe (Chrono Boost)  
  25  2:39  Probe x2 (Chrono Boost)  
  25  2:42  Gateway  
  27  2:49  Probe (Chrono Boost)  
  28  2:52  Probe (Chrono Boost)  
  29  3:00  Probe (Chrono Boost), Adept  
  29  3:02  Probe (Chrono Boost)  
  29  3:04  Adept  
  35  3:07  Assimilator  
  35  3:12  Warp Gate  
  35  3:16  Mothership Core (Chrono Boost)  
  35  3:18  Probe (Chrono Boost)  
  38  3:22  Pylon  
  38  3:29  Probe (Chrono Boost)  
  39  3:42  Probe (Chrono Boost)  
  39  3:44  Probe (Chrono Boost)  
  41  3:52  Probe (Chrono Boost)  
  41  3:55  Probe (Chrono Boost)  
  43  4:02  Nexus  
  43  4:03  Probe (Chrono Boost)  
  43  4:04  Pylon  
  43  4:05  Probe (Chrono Boost)  
  43  4:07  Robotics Facility  
  45  4:13  Probe (Chrono Boost)  
  45  4:15  Sentry x2  
  45  4:16  Sentry  
  42  4:42  Probe (Chrono Boost)  
  42  4:43  Probe (Chrono Boost)  
  44  4:53  Probe x2 (Chrono Boost)  
  44  4:55  Observer  
  47  5:01  Forge  
  47  5:03  Probe (Chrono Boost)  
  47  5:04  Probe (Chrono Boost)  
  49  5:09  Twilight Council  
  50  5:14  Probe x2 (Chrono Boost)  
  50  5:16  Probe (Chrono Boost)  
  52  5:21  Immortal  
  52  5:24  Probe (Chrono Boost)  
  52  5:25  Probe (Chrono Boost)  
  52  5:26  Probe (Chrono Boost)  
  59  5:35  Probe x2 (Chrono Boost)  
  61  5:37  Probe (Chrono Boost)  
  61  5:38  Assimilator  
  62  5:45  Probe (Chrono Boost)  
  62  5:46  Probe (Chrono Boost)  
  62  5:47  Probe (Chrono Boost)  
  65  5:50  Photon Cannon  
  65  5:55  Pylon  
  65  5:59  Probe (Chrono Boost)  
  65  6:01  Immortal  
  65  6:02  Stalker x2  
  74  6:07  Photon Cannon  
  70  6:17  Probe (Chrono Boost)  
  70  6:18  Probe (Chrono Boost)  
  72  6:27  Probe (Chrono Boost)  
  72  6:28  Probe (Chrono Boost)  
  72  6:29  Probe (Chrono Boost), Assimilator  
  72  6:31  Stalker x2  
  72  6:32  Stalker  
  81  6:38  Probe (Chrono Boost)  
  82  6:40  Immortal  
  82  6:42  Dark Shrine  
  88  7:08  Probe x2 (Chrono Boost)  
  88  7:10  Stalker x2  
  88  7:11  Stalker  
  88  7:12  Probe (Chrono Boost)  
  95  7:18  Assimilator  
  95  7:19  Probe x2 (Chrono Boost), Immortal  
  101  7:23  Protoss Ground Weapons Level 1  
  101  7:26  Pylon  
  101  7:27  Pylon  
  101  7:30  Gateway  
  101  7:31  Gateway  
  101  7:40  Pylon  
  101  7:41  Pylon  
  101  7:45  Probe x2 (Chrono Boost), Photon Cannon  
  101  7:50  Probe (Chrono Boost)  
  101  7:51  Photon Cannon  
  104  7:55  Probe x2 (Chrono Boost)  
  104  7:56  Pylon  
  106  7:59  Gateway  
  106  8:00  Pylon  
  106  8:01  Probe (Chrono Boost)  
  106  8:03  Gateway  
  107  8:06  Probe (Chrono Boost), Pylon  
  107  8:10  Immortal, Photon Cannon  
  112  8:13  Probe (Chrono Boost)  
  112  8:19  Photon Cannon  
  113  8:20  Probe (Chrono Boost), Photon Cannon  
  113  8:21  Probe (Chrono Boost)  
  113  8:25  Pylon  
  115  8:30  Photon Cannon  
  115  8:31  Probe (Chrono Boost), Photon Cannon  
  116  8:43  Dark Templar x3  
  116  8:45  Probe (Chrono Boost)  
  123  8:49  Gateway  
  123  8:50  Immortal  
  123  8:53  Dark Templar x2  
  131  9:11  Robotics Facility  
  131  9:13  Pylon  
  131  9:14  Pylon  
  115  9:45  Nexus  
  107  9:53  Immortal  
  111  10:04  Immortal  
  115  10:07  Resonating Glaives  
  115  10:10  Stalker  
  115  10:11  Dark Templar x6  
  129  10:22  Pylon  
  129  10:24  Pylon  
  129  10:28  Probe (Chrono Boost)  
  130  10:31  Pylon, Protoss Ground Armor Level 1  
  130  10:34  Forge  
  130  10:36  Photon Cannon  
  130  10:37  Immortal  
  130  10:38  Assimilator  
  130  10:40  Assimilator  
  130  10:41  Archon x5  
  134  10:44  Immortal  
  134  10:45  Pylon  
  138  11:05  Pylon  
  138  11:06  Probe (Chrono Boost)  
  138  11:07  Probe (Chrono Boost)  
  140  11:16  Immortal  
  144  11:23  Immortal  
  148  11:32  Dark Templar x2  
  150  11:33  Dark Templar x6  
  164  11:55  Immortal  
  168  12:02  Immortal  
  168  12:05  Stalker x4  
  168  12:06  Stalker x4  
  171  12:31  Stalker  
  171  12:32  Dark Templar, Stalker x2  
  171  12:33  Dark Templar  
  171  12:34  Immortal  
  171  12:35  Zealot x2  
  171  12:36  Zealot  
  191  12:41  Archon x4  
  196  12:44  Probe (Chrono Boost)  
  192  12:52  Photon Cannon  
  192  12:53  Photon Cannon  
  192  12:57  Photon Cannon  
Tags
 
Add a new tag
Caveats
  • Supply blocks, unpowered buildings, or Contaminate may cause inaccurate times.
  • Supply counts are checked every 10 seconds.